 Dungeon Crawl Stone Soup version 0.28-a0-843-gb979743d38 (webtiles) character file.

Game seed: 9563284926085783882

88 jfvlr the Vexing (level 4, 0/21 HPs)
             Began as a Spriggan Enchanter on Nov 12, 2021.
             Succumbed to a water moccasin's poison
             ... on level 3 of the Dungeon.
             The game lasted 00:05:54 (3286 turns).

jfvlr the Vexing (Spriggan Enchanter)               Turns: 3286, Time: 00:05:54

Health: 0/21       AC:  4    Str:  5    XL:     4   Next: 29%
Magic:  10/11      EV: 17    Int: 16    God:
Gold:   112        SH:  0    Dex: 15    Spells: 3/11 levels left

rFire   . . .      SeeInvis +   a - +1 dagger
rCold   . . .      Faith    .   (shield restricted)
rNeg    . . .      Spirit   .   b - +0 robe
rPois   .          Reflect  .   j - +2 hat {Stlth+}
rElec   .          Harm     .   (no cloak)
rCorr   .          Rampage  .   (gloves unavailable)
Will    .....                   (boots unavailable)
Stlth   ++++......              (no amulet)
HPRegen 0.07/turn               (no ring)
MPRegen 0.12/turn               (no ring)

@: mighty, lethally poisoned (0 -> -21), very quick
A: very small, no large weapons, unfitting armour, see invisible, speed 3
a: no special abilities


You were on level 3 of the Dungeon.
You visited 1 branch of the dungeon, and saw 3 of its levels.

You collected 112 gold pieces.

Inventory:

Hand Weapons
 a - a +1 dagger (weapon)
Missiles
 e - 2 atropa-tipped darts (quivered)
 k - 5 poisoned darts
Armour
 b - a +0 robe (worn)
 j - a +2 hat of stealth (worn)
Wands
 i - a wand of iceblast (19)
Potions
 c - a potion of invisibility
 d - a potion of attraction
 f - a potion of brilliance
 h - a potion of haste {unknown}


   Skills:
 - Level 1.1 Short Blades
 - Level 2.6 Dodging
 - Level 4.4 Stealth
 + Level 4.4 Spellcasting
 + Level 5.1 Hexes


You had 3 spell levels left.
You knew the following spells:

 Your Spells              Type           Power      Damage    Failure   Level
a - Ensorcelled Hibernat  Hex/Ice        22%        N/A       9%          2
b - Tukima's Dance        Hex            19%        N/A       6%          3
c - Dazzling Flash        Conj/Hex       22%        N/A       17%         3

Your spell library contained the following spells:

 Spells                   Type           Power      Damage    Failure   Level
 Confusing Touch          Hex            19%        N/A       6%          3
 Magic Dart               Conj           12%        1d3       16%         1
 Call Imp                 Summ           3%         N/A       24%         2
 Mephitic Cloud           Conj/Pois/Air  3%         N/A       43%         3


Dungeon Overview and Level Annotations

Branches:
Dungeon (3/15)

Altars:
Fedhas
Qazlal

Shops:
D:2 (


Innate Abilities, Weirdness & Mutations

You are very small and have problems with some larger weapons.
You are too small for most types of armour.
You have supernaturally acute eyesight. (SInv)
You cover ground extremely quickly. (Speed+++)


Message History

You throw an atropa-tipped dart.
The atropa-tipped dart misses the water moccasin.
You throw an atropa-tipped dart.
The atropa-tipped dart hits the water moccasin.
The water moccasin appears confused.
The water moccasin is heavily wounded.
You hit the water moccasin but do no damage.
The water moccasin is heavily wounded.
The water moccasin seems less confused.
The water moccasin completely misses you.
You closely miss the water moccasin.
The water moccasin is heavily wounded.
The water moccasin closely misses you.
You hit the water moccasin.
The water moccasin is severely wounded.
The water moccasin bites you but does no damage.
The water moccasin bites you!
You closely miss the water moccasin.
The water moccasin is severely wounded.
The water moccasin is no longer blind.
The water moccasin bites you but does no damage.
You closely miss the water moccasin.
The water moccasin is severely wounded.
The water moccasin completely misses you.
You hit the water moccasin but do no damage.
The water moccasin is severely wounded.
The water moccasin completely misses you.
The water moccasin bites you.
You are poisoned.
The water moccasin poisons you!
You barely miss the water moccasin.
The water moccasin is severely wounded.
You feel sick. The water moccasin bites you.
* * * LOW HITPOINT WARNING * * *
You are more poisoned.
The water moccasin poisons you!
Unknown command.
It was a potion of might.
You feel very mighty all of a sudden.
You die...

≈≈≈.<.≈≈≈≈..## #
≈≈P.♣.(≈≈≈≈....#
≈≈P._P.(≈≈≈.##.#
≈≈P...P≈≈≈≈....# ###
≈≈≈P>.≈≈≈≈..#..### .. #..
≈≈≈≈≈≈≈≈.#...... # #.### #.#
≈≈≈≈≈≈......###.# #...####.#
≈≈≈≈≈...#.....#.#####.........
≈≈≈...(.....(@................
.......##.#..S..#.##.#..###..#
#....## #.......#.##....##..##
##### ####.#.##.......#...#.
#.#.#####.†#....##.
#.#.#####..####.#..
#.#.............#..
#....##....)....##.
###.###..........#.


You could see a water moccasin.

Vanquished Creatures
  An adder (D:3)
  A worm (D:2)
  5 dart slugs
  8 endoplasms
  6 giant cockroaches
  9 goblins
  7 hobgoblins
  4 jackals (D:2)
  2 kobolds
  4 ball pythons
  3 bats
  2 frilled lizards
  4 rats
56 creatures vanquished.

Vanquished Creatures (others)
  3 plants (D:3)
3 creatures vanquished.

Grand Total: 59 creatures vanquished

Notes
Turn   | Place    | Note
-------+----------+-------------------------------------------
     0 | D:1      | jfvlr the Spriggan Enchanter began the quest for the Orb.
     0 | D:1      | Reached XP level 1. HP: 9/9 MP: 5/5
   169 | D:1      | Reached skill level 4 in Hexes
   287 | D:1      | Reached XP level 2. HP: 13/13 MP: 7/7
   290 | D:1      | Learned a level 2 spell: Ensorcelled Hibernation
  1396 | D:1      | Reached XP level 3. HP: 16/16 MP: 9/9
  1400 | D:1      | Learned a level 3 spell: Tukima's Dance
  1406 | D:1      | Learned a level 3 spell: Dazzling Flash
  1816 | D:2      | Found a faded altar of an unknown god.
  1844 | D:2      | Found Hariocu's Weapon Emporium.
  2250 | D:2      | Identified a scroll of acquirement
  2250 | D:2      | Acquired a +2 hat of stealth
  2427 | D:3      | Noticed a water moccasin
  2885 | D:3      | Found a blossoming altar of Fedhas.
  2896 | D:3      | Reached XP level 4. HP: 21/21 MP: 11/11
  2942 | D:3      | Found a stormy altar of Qazlal.
  2956 | D:3      | Reached skill level 5 in Hexes
  3286 | D:3      | Succumbed to a water moccasin's poison

Illustrated notes

Levels and vault maps discovered:
D:1:      psy_arrival_conway, layout_basic, minmay_bisected
D:2:      layout_rooms, basic_ecumenical_altar, serial_shops,
          nicolae_shop_waterfront, hangedman_decor_slide_cut, st_stairs_6
D:3:      layout_loops_cross, fedhas_ov_isle_minmay,
          mainiacjoe_overflow_alcove_4, nicolae_qazlal_scattered_showers,
          minmay_misc_feat_iff

Skill      XL: |  1  2  3  4 |
---------------+-------------+-----
Spellcasting   | 3 4 |  4.4
Hexes          | 4 5 |  5.1
Short Blades   | |  1.1
Dodging        | |  2.6
Stealth        | |  4.4

Action                   |  1- 3 |  4- 6 || total
-------------------------+-------+-------++-------
Melee: Dagger            |   135 |    43 ||   178
Throw: Dart              |       |     4 ||     4
 Cast: Ensorcelled Hiber |    20 |     6 ||    26
  Use: Scroll            |     5 |     2 ||     7
       Potion            |       |     1 ||     1
 Stab: Sleeping          |    37 |     5 ||    42
Armor: Robe              |    15 |     9 ||    24
Dodge: Dodged            |    87 |    36 ||   123

Table legend: (Time is in decaauts)
 A = Elapsed time spent in this place.
 B = Non-inter-level travel time spent in this place.
 C = Inter-level travel time spent in this place.
 D = Time resting spent in this place.
 E = Time spent auto-exploring this place.
 F = Levels seen in this place.
 G = Mean time per level.
                   A        B        C        D        E       F      G
               +--------+--------+--------+--------+--------+-----+--------+
         Total |   2737 |   2707 |     30 |    576 |   1645 |   3 |  912.3 |
       Dungeon |   2737 |   2707 |     30 |    576 |   1645 |   3 |  912.3 |
               +--------+--------+--------+--------+--------+-----+--------+

Top non-repeatable levels by time:
     D:1: 1553 daAuts
     D:2: 791 daAuts
     D:3: 393 daAuts
